 Dungeon Crawl Stone Soup version 0.29-a0-872-g797fff5ad1 (webtiles) character file.

Game seed: 6519215790473012407

541 jimonade the Covert (level 7, -6/41 HPs)
             Began as a Kobold Brigand on July 19, 2022.
             Killed by nerve-wracking pain
             ... invoked by Grinder
              (13 damage)
             ... on level 4 of the Dungeon.
             The game lasted 00:07:03 (4715 turns).

jimonade the Covert (Kobold Brigand)                Turns: 4715, Time: 00:07:04

Health: -6/41      AC:  4    Str:  8    XL:     7   Next: 51%
Magic:  7/7        EV: 15    Int: 12    God:
Gold:   267        SH:  0    Dex: 19    Spells: 6/6 levels left

rFire   . . .      SeeInvis .   a - +2 dagger
rCold   . . .      Faith    .   (no shield)
rNeg    . . .      Spirit   .   o - +0 robe
rPois   +          Reflect  .   i - +0 helmet
rElec   .          Harm     .   c - +0 cloak
rCorr   .          Rampage  .   (no gloves)
Will    .....                   (no boots)
Stlth   ++++++....              (no amulet)
HPRegen 0.13/turn               y - ring of poison resistance
MPRegen 0.10/turn               (no ring)

@: no status effects
A: small, no large weapons, nightstalker 3
a: no special abilities


You were on level 4 of the Dungeon.
You visited 1 branch of the dungeon, and saw 4 of its levels.

You collected 267 gold pieces.

Inventory:

Hand Weapons
 a - a +2 dagger (weapon)
 b - a +1 vorpal sling
 A - a +0 rapier
 E - a +0 short sword of protection
Missiles
 d - 9 poisoned darts (quivered)
 e - 3 curare-tipped darts
 q - 31 stones
Armour
 c - a +0 cloak (worn)
 i - a +0 helmet (worn)
 o - a +0 robe (worn)
 p - a +0 chain mail
 r - a +0 buckler
 z - a +0 leather armour
Jewellery
 y - a ring of poison resistance (left hand)
 D - an amulet of guardian spirit
Scrolls
 f - 2 scrolls of magic mapping {unknown}
 g - 8 scrolls of identify {unknown}
 h - 2 scrolls of teleportation {unknown}
 k - 2 scrolls of torment {unknown}
 m - a scroll of amnesia {unknown}
 n - 2 scrolls of noise {unknown}
 s - a scroll of summoning {unknown}
 t - a scroll of brand weapon {unknown}
 v - a scroll of blinking {unknown}
 w - a scroll of fear {unknown}
Potions
 j - 4 potions of haste {unknown}
 l - a potion of degeneration {unknown}
 u - 2 potions of magic {unknown}
 x - 2 potions of mutation {unknown}
 B - 2 potions of heal wounds {unknown}
 C - a potion of curing {unknown}
 F - a potion of might {unknown}


   Skills:
 + Level 3.2 Fighting
 + Level 5.0 Short Blades
 - Level 2.1 Throwing
 + Level 2.7 Dodging
 * Level 10.0 Stealth


You had 6 spell levels left.
You didn't know any spells.
Your spell library contained the following spells:

 Spells                   Type           Power      Damage    Failure   Level
 Slow                     Hex            0%         N/A       32%         1
 Confusing Touch          Hex            0%         N/A       69%         3
 Portal Projectile        Hex/Tloc       0%         N/A       69%         3
 Spider Form              Tmut/Pois      0%         N/A       69%         3
 Tukima's Dance           Hex            0%         N/A       69%         3
 Vampiric Draining        Necr           0%         2d6       69%         3
 Ice Form                 Ice/Tmut       0%         N/A       97%         4
 Alistair's Intoxication  Tmut/Pois      0%         N/A       100%        5
 Blade Hands              Tmut           0%         N/A       100%        5


Dungeon Overview and Level Annotations

Branches:
Dungeon (4/15)
 Temple: D:4-7

Altars:
Makhleb

Annotations:
D:4 exclusion: 2 gnolls, Grinder


Innate Abilities, Weirdness & Mutations

You are small and have problems with some larger weapons.
You are completely attuned to the shadows.


Message History

Grinder blinks!
The orc barely misses you.
You hit Grinder.
Grinder is severely wounded.
Grinder hits you.
You writhe in agony.
The orc closely misses you.
You hit Grinder.
Grinder is severely wounded.
You hit Grinder but do no damage.
Grinder is severely wounded.
Grinder gestures at you. You resist with significant effort.
The orc hits you with a +0 short sword.
You hit Grinder but do no damage.
Grinder is severely wounded.
Grinder completely misses you. The orc completely misses you.
You hit Grinder.
Grinder is severely wounded.
Grinder misses you. The orc misses you.
You closely miss Grinder.
Grinder is severely wounded.
You hit Grinder.
Grinder is severely wounded.
Grinder misses you. The orc closely misses you.
You hit Grinder but do no damage.
Grinder is severely wounded.
Grinder hits you!
You writhe in agony.
* * * LOW HITPOINT WARNING * * *
The orc hits you with a +0 short sword.
* * * LOW HITPOINT WARNING * * *
You hit Grinder.
Grinder is almost dead.
Grinder completely misses you. The orc barely misses you.
You hit Grinder.
Grinder is almost dead.
You hit Grinder but do no damage.
Grinder is almost dead.
Grinder hits you but does no damage. The orc misses you.
You closely miss Grinder. You punch Grinder.
Grinder is almost dead.
Grinder gestures at you. Pain shoots through your body!
You die...

#..#.....
##.#
##.......
#.##
##.....#
#..# #...###
##.#
##....##
#... #>##
#.....##....
#..#
##.........!
#..#
#.....5...#
##<##
##....@o#
#..#
#.......#
#..#
####..###
##.# ####
###


You could see Grinder and an orc.

Vanquished Creatures
  Sigmund (D:2)
  A black bear (D:4)
  A phantom (D:4)
  A hound (D:4)
  9 adders
  An ufetubus (D:4)
  2 worms (D:2)
  4 dart slugs
  6 orcs
  6 endoplasms
  4 giant cockroaches
  8 hobgoblins
  9 jackals
  4 kobolds
  3 quokkas
  7 ball pythons
  10 bats
  4 frilled lizards
  2 goblins
  7 rats
90 creatures vanquished.

Notes
Turn   | Place    | Note
-------+----------+-------------------------------------------
     0 | D:1      | jimonade the Kobold Brigand began the quest for the Orb.
     0 | D:1      | Reached XP level 1. HP: 12/12 MP: 1/1
    37 | D:1      | Reached XP level 2. HP: 13/17 MP: 2/2
    43 | D:1      | Reached skill level 6 in Stealth
   374 | D:1      | Reached XP level 3. HP: 21/21 MP: 3/3
   799 | D:2      | Reached skill level 7 in Stealth
   832 | D:2      | Reached XP level 4. HP: 27/27 MP: 4/4
  1362 | D:2      | Noticed Sigmund
  1366 | D:2      | Killed Sigmund
  1367 | D:2      | Reached skill level 8 in Stealth
  1367 | D:2      | Reached XP level 5. HP: 32/32 MP: 5/5
  1367 | D:2      | Reached XP level 6. HP: 36/36 MP: 6/6
  1439 | D:2      | Reached skill level 9 in Stealth
  1461 | D:2      | Got the Atlas of Boreal Moulding
  3244 | D:3      | Found a faded altar of an unknown god.
  3419 | D:3      | Found a burning altar of Makhleb.
  3880 | D:4      | Noticed a black bear
  3884 | D:4      | Killed a black bear
  3885 | D:4      | Reached XP level 7. HP: 41/41 MP: 7/7
  4176 | D:4      | Reached skill level 10 in Stealth
  4643 | D:4      | Reached skill level 5 in Short Blades
  4692 | D:4      | Noticed Grinder
  4715 | D:4      | Killed from afar by Grinder

Illustrated notes

Levels and vault maps discovered:
D:1:      scummos_arrival_simple_crosswalls, layout_basic
D:2:      minmay_door_path, layout_loops_ring, grunt_decor_arrowhead,
          uniq_sigmund
D:3:      layout_basic, lemuel_tele_altar, shapermc_ecumenical_altar_ellora,
          minmay_starry_boxes
D:4:      layout_cave_pods, uniq_grinder, uniq_crazy_yiuf_cottage

Skill      XL: |  1  2  3  4  5  6  7 |
---------------+----------------------+-----
Stealth        | 6 7 8 9 10 | 10.0
Short Blades   | 3 4 5 |  5.0
Dodging        | 2 |  2.7
Fighting       | 3 |  3.2
Throwing       | |  2.1

Action                   |  1- 3 |  4- 6 |  7- 9 || total
-------------------------+-------+-------+-------++-------
Melee: Dagger            |    58 |   166 |    50 ||   274
       Punch             |       |     1 |     2 ||     3
 Stab: Sleeping          |    17 |    23 |     6 ||    46
       Distracted        |     2 |       |     1 ||     3
Armor: Robe              |    10 |    29 |     4 ||    43
Dodge: Dodged            |    27 |   143 |    25 ||   195

Table legend: (Time is in decaauts)
 A = Elapsed time spent in this place.
 B = Non-inter-level travel time spent in this place.
 C = Inter-level travel time spent in this place.
 D = Time resting spent in this place.
 E = Time spent auto-exploring this place.
 F = Levels seen in this place.
 G = Mean time per level.
                   A        B        C        D        E       F      G
               +--------+--------+--------+--------+--------+-----+--------+
         Total |   4663 |   4500 |    163 |    647 |   2971 |   4 | 1165.8 |
       Dungeon |   4663 |   4500 |    163 |    647 |   2971 |   4 | 1165.8 |
               +--------+--------+--------+--------+--------+-----+--------+

Top non-repeatable levels by time:
     D:2: 1434 daAuts
     D:3: 1406 daAuts
     D:4: 1194 daAuts
     D:1: 628 daAuts
